 Dungeon Crawl Stone Soup version 0.26.0-20-g3ca415f5b8 (webtiles) character file.

Game seed: 928658101525158737

7779 Qrupt the Basher (level 11, -1/90 HPs)
             Began as a Demonspawn Gladiator on Jan 25, 2021.
             Was an Initiate of Gozag.
             Killed from afar by an electric eel (6 damage)
             ... with a bolt of electricity
             ... on level 10 of the Dungeon.
             The game lasted 00:17:20 (10101 turns).

Qrupt the Basher (Demonspawn Gladiator)            Turns: 10101, Time: 00:17:20

Health: -1/90      AC: 15    Str: 17    XL:     11   Next: 1%
Magic:  11/11      EV: 15    Int:  9    God:    Gozag
Gold:   1463       SH:  0    Dex: 16    Spells: 10/10 levels left

rFire    + . .     SeeInvis .   a - +0 flail
rCold    + . .     Faith    +   (no shield)
rNeg     . . .     Spirit   .   o - +4 chain mail
rPois    .         Reflect  .   c - +0 helmet
rElec    .         Harm     .   (no cloak)
rCorr    .         Rampage  .   (no gloves)
Will     +....     Rnd*Rage +   (no boots)
Stlth    ..........             q - amulet of faith (curse)
HPRegen  0.25/turn              u - ring of protection from cold
MPRegen  0.12/turn              w - +4 ring of evasion

@: no status effects
A: hooves 2, molten scales 1, berserk 1, fire resistance 1, strong-willed 1,
spiny 1, flame cloud immunity
a: Renounce Religion, Potion Petition, Call Merchant, Bribe Branch


You were on level 10 of the Dungeon.
You worshipped Gozag.
Gozag was most pleased with you.
You visited 2 branches of the dungeon, and saw 11 of its levels.

You collected 1709 gold pieces.
You spent 185 gold pieces at shops.
You paid 61 gold pieces to Gozag.

Inventory:

Hand Weapons
 a - a +0 flail (weapon)
Missiles
 d - 2 throwing nets (quivered)
Armour
 b - a +0 leather armour
 c - a +0 helmet (worn)
 o - a +4 chain mail (worn)
 z - a +0 hat
Jewellery
 f - an uncursed amulet of guardian spirit
 p - an uncursed ring of wizardry {unknown}
 q - a cursed amulet of faith (around neck)
 u - a ring of protection from cold (left hand)
 w - a +4 ring of evasion (right hand)
 y - an uncursed ring of ice
Wands
 h - a wand of random effects (23)
Scrolls
 i - 5 scrolls of remove curse
 k - 6 scrolls of teleportation
 l - 3 scrolls of identify
 m - a scroll of acquirement {unknown}
 n - 6 scrolls of enchant armour
 r - a scroll of fear
 v - 3 scrolls of immolation
 x - a scroll of random uselessness
 A - a scroll of blinking {unknown}
Potions
 e - 2 potions of haste
 g - 4 potions of heal wounds
 j - 3 potions of invisibility
 s - a potion of flight {unknown}
 t - 7 potions of curing


   Skills:
 + Level 9.6 Fighting
 + Level 9.7 Maces & Flails
 - Level 2.0 Throwing
 - Level 2.4 Armour
 + Level 9.0 Dodging
 - Level 1.2 Stealth


You had 10 spell levels left.
You didn't know any spells.
Your spell library contained the following spells:

 Spells                   Type           Power        Failure   Level
 Animate Skeleton         Necr           0%           99%         1
 Pain                     Necr           0%           99%         1
 Vampiric Draining        Necr           0%           100%        3
 Animate Dead             Necr           0%           100%        4
 Agony                    Necr           0%           100%        5


Dungeon Overview and Level Annotations

Branches:
Dungeon (10/15)            Temple (1/1) D:4            Lair (0/6) D:8
    Orc: D:9-12

Altars:
Ashenzari
Dithmenos
Gozag
Kikubaaqudgha
Makhleb
Okawaru
Xom
Zin
The Shining One

Shops:
D:6 =   D:9 *


Innate Abilities, Weirdness & Mutations

You have hoof-like feet.
You are partially covered in molten scales. (AC +2)
Your flesh is heat resistant. (rF+)
You are partially covered in sharp spines.
You are immune to clouds of flame.
You tend to lose your temper in combat.
You are strong-willed. (Will+)


Message History

The electric eel shoots out a bolt of lightning at you!
The bolt of electricity misses you.
An electric eel comes into view.
The electric eel shoots out a bolt of lightning at you!
The bolt of electricity hits you.
* * * LOW HITPOINT WARNING * * *
The electric eel shoots out a bolt of lightning at you!
The bolt of electricity hits you.
* * * LOW HITPOINT WARNING * * *
There is a stone staircase leading up here.
The electric eel shoots out a bolt of lightning at you!
The bolt of electricity hits you.
* * * LOW HITPOINT WARNING * * *
The electric eel shoots out a bolt of lightning at you!
The bolt of electricity hits you!
* * * LOW HITPOINT WARNING * * *
The electric eel shoots out a bolt of lightning at you!
The bolt of electricity hits you.
You die...
Your body crumbles into a pile of gold.

#........(.##.#.........####
#######≈≈≈.≈#.#######.#####
......$.......# #.# #.
....#≈≈$≈≈≈.≈.## #.# #.
....≈≈≈≈≈≈≈...≈# #.####.#
....≈≈≈≈≈≈≈≈.≈≈######.##....
...................?#.##....
....##≈≈≈≈≈;≈.#####.#.##....
.... ##≈...@....[.# #.####+#
... ##.≈;.#.(≈≈.# #.# #
#.....≈.≈≈.# #.# #
####≈≈≈..≈.≈. # ........≈.#
# ;≈≈≈≈..;≈.≈ # ≈≈≈≈≈≈≈.≈≈.≈
# ≈≈≈≈≈≈≈.≈≈. # #.


You could see 4 electric eels.

Vanquished Creatures
  Fannar (D:10)
  3 two-headed ogres
  The ghost of sbaton the Fighter, a novice OgBe of Trog (D:8)
  Maggie (D:8)
  3 yaks (D:10)
  3 ice beasts
  2 orc warriors
  5 phantoms
  4 sky beasts
  2 ogres
  3 necrophages
  3 centaurs
  5 bullfrogs
  A big kobold (D:8)
  2 scorpions
  3 howler monkeys (D:8)
  An electric eel (D:10)
  6 orc priests
  A quasit (D:7)
  2 bullfrog zombies
  3 jellies
  2 hounds
  2 bullfrog skeletons
  A centaur skeleton (D:8)
  Jessica (D:2)
  3 iguanas
  6 orc wizards
  5 worker ants
  2 hound zombies
  A howler monkey zombie (D:5)
  13 adders
  4 shadow imps
  2 white imps
  4 ufetubi
  An ooze (D:2)
  7 worms
  3 dart slugs
  5 leopard geckos
  35 orcs
  3 ball pythons
  3 giant cockroaches
  8 goblins
  3 hobgoblins
  13 jackals
  8 kobolds
  3 quokkas
  10 bats
  7 frilled lizards
  9 rats
219 creatures vanquished.

Vanquished Creatures (others)
  An orc (D:10)
  2 fungi (D:8)
  4 plants (D:8)
7 creatures vanquished.

Grand Total: 226 creatures vanquished

Notes
Turn   | Place    | Note
-------+----------+-------------------------------------------
     0 | D:1      | Qrupt the Demonspawn Gladiator began the quest for the Orb.
     0 | D:1      | Reached XP level 1. HP: 16/16 MP: 1/1
   108 | D:1      | Gained mutation: You are partially covered in sharp spines.
                  | [demonic ancestry]
   108 | D:1      | Reached XP level 2. HP: 3/22 MP: 2/2
   697 | D:1      | Reached XP level 3. HP: 24/27 MP: 3/3
  1019 | D:2      | Noticed Jessica
  1027 | D:2      | Killed Jessica
  1384 | D:2      | Gained mutation: You have large cloven feet. [demonic
                  | ancestry]
  1384 | D:2      | Reached XP level 4. HP: 24/34 MP: 4/4
  1607 | D:2      | Reached skill level 1 in Armour
  2319 | D:3      | Found a faded altar of an unknown god.
  2439 | D:3      | Gained mutation: Your flesh is heat resistant. (rF+)
                  | [demonic ancestry]
  2439 | D:3      | Reached XP level 5. HP: 36/40 MP: 3/5
  2778 | D:4      | Noticed an ogre
  2804 | D:4      | Killed an ogre
  2805 | D:4      | Gained mutation: You are partially covered in molten
                  | scales. (AC +2) [demonic ancestry]
  2805 | D:4      | Reached XP level 6. HP: 46/47 MP: 6/6
  2856 | D:4      | Reached skill level 1 in Stealth
  3331 | D:4      | Found a staircase to the Ecumenical Temple.
  3348 | Temple   | Entered the Ecumenical Temple
  3363 | Temple   | Became a worshipper of Gozag Ym Sagoz the Greedy
  3595 | D:5      | Entered Level 5 of the Dungeon
  3640 | D:5      | Reached skill level 5 in Maces & Flails
  3724 | D:5      | Found a shadowy altar of Dithmenos.
  3754 | D:5      | Reached XP level 7. HP: 48/52 MP: 5/7
  3803 | D:5      | Found a glowing golden altar of the Shining One.
  4693 | D:6      | Found Nawk's Jewellery Shop.
  4906 | D:6      | Reached skill level 5 in Fighting
  4906 | D:6      | Gained mutation: You have hoof-like feet. [demonic
                  | ancestry]
  4906 | D:6      | Reached XP level 8. HP: 29/62 MP: 6/8
  5082 | D:6      | Noticed a two-headed ogre
  5134 | D:6      | Reached skill level 5 in Dodging
  5694 | D:6      | Killed a two-headed ogre
  5695 | D:6      | Reached XP level 9. HP: 38/71 MP: 4/9
  6656 | D:8      | Found a staircase to the Lair.
  7405 | D:8      | Noticed Maggie
  7449 | D:8      | Gained mutation: You are agile. (Dex +2) [potion of
                  | mutation]
  7449 | D:8      | Gained mutation: You tend to lose your temper in combat.
                  | [potion of mutation]
  7449 | D:8      | Lost mutation: You are agile. (Dex +2) [potion of mutation]
  7449 | D:8      | Gained mutation: You are strong-willed. (Will+) [potion of
                  | mutation]
  7464 | D:8      | Killed Maggie
  7644 | D:8      | Found a broken altar of Ashenzari.
  7652 | D:8      | Found a large runed translucent door.
  7652 | D:8      | Found a large runed translucent door.
  7653 | D:8      | Noticed sbaton's ghost (novice OgBe)
  7887 | D:8      | Killed sbaton's ghost
  7888 | D:8      | Reached XP level 10. HP: 34/80 MP: 10/10
  8121 | D:9      | Found Raquk's Assorted Antiques.
  8133 | D:9      | Bought a potion of heal wounds for 185 gold pieces
  8555 | D:9      | Noticed a two-headed ogre
  8563 | D:9      | Killed a two-headed ogre
  8649 | D:9      | Noticed a two-headed ogre
  8662 | D:9      | Killed a two-headed ogre
  8916 | D:10     | Entered Level 10 of the Dungeon
  9437 | D:10     | Noticed Fannar
  9479 | D:10     | Killed Fannar
  9708 | D:10     | Gained mutation: You are immune to clouds of flame.
                  | [demonic ancestry]
  9708 | D:10     | Reached XP level 11. HP: 37/90 MP: 11/11
 10101 | D:10     | Killed from afar by an electric eel

Illustrated notes

Levels and vault maps discovered:
D:1:      elethiomel_arrival_maze, layout_rooms
D:2:      layout_basic, uniq_jessica
D:3:      layout_rooms, chequers_ecumenical_altar_lobes, kennysheep_path_1
D:4:      lemuel_upstairs_altar, layout_rooms, temple_fountains
D:5:      layout_basic, basic_altar, tso_metal_star
D:6:      layout_rooms, cheibrodos_sewer_entry_bend, serial_shops, shop_coins,
          minmay_stone_trees_small, kennysheep_diamond
D:7:      layout_rooms
D:8:      layout_basic, kennysheep_mini, dpeg_oklobed_lair,
          ebering_ghost_disaster_area, uniq_maggie
D:9:      layout_rooms, serial_shops, nicolae_shop_overgrown_old_shop
D:10:     layout_basic, uniq_maurice, uniq_fannar
Temple:   compressed_dpeg_circular_temple

Skill      XL: |  1  2  3  4  5  6  7  8  9 10 |
---------------+-------------------------------+-----
Maces & Flails | 3 4 5 6 7 8 9 |  9.7
Dodging        | 3 4 6 7 9 |  9.0
Throwing       | 2 |  2.0
Armour         | 1 2 |  2.4
Fighting       | 3 5 6 8 9 |  9.6
Stealth        | 1 |  1.2

Action                   |  1- 3 |  4- 6 |  7- 9 | 10-12 || total
-------------------------+-------+-------+-------+-------++-------
Melee: Flail             |   106 |   143 |   292 |   159 ||   700
       Kick              |       |    44 |   109 |    61 ||   214
Throw: Throwing net      |     3 |       |     2 |       ||     5
Evoke: Wand              |       |       |    18 |     2 ||    20
  Use: Scroll            |       |       |     8 |       ||     8
       Potion            |       |       |     7 |       ||     7
 Stab: Held in net/web   |     1 |       |     3 |       ||     4
       Sleeping          |       |       |     1 |       ||     1
       Distracted        |       |       |     1 |     2 ||     3
Armor: Leather armour    |    33 |    24 |    60 |     7 ||   124
       Skin              |       |       |    14 |       ||    14
       Chain mail        |       |       |       |    28 ||    28
Dodge: Dodged            |    84 |   100 |   157 |   113 ||   454
